 Dungeon Crawl Stone Soup version 0.17-a0-1798-g879a7aa (webtiles) character file.

8005 4thArraOfDagon the Cleaver (level 11, -1/154 HPs)
             Began as a Deep Dwarf Berserker on Sept 10, 2015.
             Was a Believer of Trog.
             Killed by divine providence
             ... invoked by an orc priest
              (10 damage)
             ... on level 1 of the Orcish Mines.
             The game lasted 00:17:17 (3177 turns).

4thArraOfDagon the Cleaver (Deep Dwarf Berserker)   Turns: 3177, Time: 00:17:17

Health: -1/154     AC: 11    Str: 29    XL:     11   Next: 4%
Magic:  11/11      EV:  9    Int:  6    God:    Trog [**....]
Gold:   79         SH:  0    Dex: 12    Spells: 0 memorised, 10 levels left

rFire  x . .     SeeInvis .     h - +2 war axe
rCold  + . .     Clarity  .     e - +1 plate armour
rNeg   . . .     SustAt   .     (no shield)
rPois  .         Gourm    .     z - +0 helmet
rElec  .         Spirit   .     (no cloak)
rCorr  .         Warding  .     (no gloves)
rMut   .         Stasis   .     (no boots)
MR     +++..                    (no amulet)
Stlth  ..........               H - ring of flight
                                f - ring of ice

@: berserking, non-regenerating, very quick, extremely resistant to hostile
enchantments, extremely unstealthy
A: damage resistance, recharge devices, hooves 1, blurry vision 1, deformed
body, dopey 1, sense surroundings 2, screaming 1, slow healing 3
a: Device Recharging, Burn Spellbooks, Berserk, Trog's Hand, Renounce Religion,
Evoke Flight


You were on level 1 of the Orcish Mines.
You worshipped Trog.
Trog was pleased with you.
You were not hungry.

You visited 2 branches of the dungeon, and saw 13 of its levels.
You also visited: Ossuary.

You collected 359 gold pieces.
You spent 280 gold pieces at shops.

Inventory:

Hand weapons
 a - a +1 hand axe
 h - a +2 war axe (weapon)
 G - a +0 falchion of flaming
Missiles
 B - 3 javelins (quivered)
Armour
 e - a +1 plate armour (worn)
 z - a +0 helmet (worn)
Magical staves
 C - an uncursed staff of death {unknown}
Jewellery
 f - a ring of ice (left hand)
 t - an uncursed amulet of stasis
 y - an uncursed ring of wizardry
 H - a ring of flight (right hand)
Magical devices
 c - a wand of heal wounds (4)
 v - a wand of fire (4)
Scrolls
 k - a scroll of fog
 l - a scroll of enchant weapon
 m - a scroll of brand weapon
 o - 3 scrolls of amnesia
 p - a scroll of remove curse {unknown}
 q - a scroll of blinking
 r - a scroll of enchant armour
 s - a scroll of magic mapping
Potions
 b - a potion of might
 i - 3 potions of curing
 j - 3 potions of lignification
 n - 2 potions of brilliance
 u - a potion of flight
 I - 2 potions of poison {unknown}
Books
 x - the Guide on Arcane Weapons and Flight
   (You found it on level 7 of the Dungeon)

   Spells                             Type                      Level
   a - Shock                          Conjuration/Air              1
   b - Force Lance                    Conjuration/Translocation    4
   c - Poisonous Cloud                Conjuration/Poison/Air       6
   d - Conjure Ball Lightning         Conjuration/Air              6
   Trog disapproves of the use of such an item.
 A - a Young Poisoner's Handbook

   Spells                             Type                      Level
   a - Sting                          Conjuration/Poison           1
   b - Cure Poison                    Poison                       2
   c - Mephitic Cloud                 Conjuration/Poison/Air       3
   d - Olgreb's Toxic Radiance        Poison                       4
   e - Venom Bolt                     Conjuration/Poison           5
   Trog disapproves of the use of such an item.
 D - a book of Callings

   Spells                             Type                      Level
   a - Summon Small Mammal            Summoning                    1
   b - Call Imp                       Summoning                    2
   c - Call Canine Familiar           Summoning                    3
   d - Summon Guardian Golem          Hexes/Summoning              3
   e - Summon Lightning Spire         Summoning/Air                4
   f - Summon Ice Beast               Ice/Summoning                4
   Trog disapproves of the use of such an item.
Comestibles
 d - 4 bread rations
 g - 5 meat rations
 w - 6 chunks of flesh
 E - 12 fruits
 F - 7 slices of pizza
 J - a beef jerky


   Skills:
 + Level 8.3 Fighting
 * Level 13.2 Axes
 + Level 9.6 Armour
 - Level 2.1 Dodging


You had 10 spell levels left.
You didn't know any spells.

Dungeon Overview and Level Annotations

Branches:
Dungeon (12/15)               Orc (1/4) D:9
 Temple: D:4-7         Lair: D:8-11

Altars:
Elyvilon
Trog
Xom
Zin

Shops:
D:9 ?


Innate Abilities, Weirdness & Mutations

You are resistant to damage.
You can recharge devices by infusing magical energy.
You passively map the area around you.
You do not heal naturally.
You have large cloven feet.
Scrolls take you a little longer to read.
Armour fits poorly on your strangely shaped body.
You are dopey. (Int -2)
You occasionally shout uncontrollably at your foes.


Message History

The chaos spawn barely misses you. The orc priest barely misses you.
The orc high priest barely misses you.
Unknown command.
Unknown command.
You slash the orc high priest! You kick the orc high priest.
The orc high priest is almost dead.
You closely miss the sun demon.
The sun demon is moderately wounded.
You completely miss the chaos spawn.
The chaos spawn is moderately wounded.
You hit the orc priest but do no damage.
The orc priest is lightly wounded.
You feel the effects of Trog's Hand fading.
The sun demon hits you!
* * * LOW HITPOINT WARNING * * *
You are engulfed in flames!!
The fire burns you terribly!
* * * LOW HITPOINT WARNING * * *
The orc priest calls down the wrath of Beogh upon you.
Something smites you!
You die...

* .# .. #.##
,...# #.#* #...#
.....##.###..$.#
.....#...#....##
*
....#..........
,, ............#
≈ ,
....#...<.#.#.#
* * #.))).....#*
##3@#....## *
#oo3......# * *
* * #oo#........
* * #oo###....##
* * ** *, #.o#
...... * * ,,
#.o. ,......, ,
,+ .... .... , ,
* , #..o , , , ,
,, ,


You could see an orc high priest, a sun demon, a chaos spawn, an orc warrior, 2
orc priests and 5 orcs.

Vanquished Creatures
  A hydra (D:9)
  A hill giant (D:11)
  A gargoyle (D:11)
  A troll (D:10)
  A trapdoor spider zombie (D:10)
  A wraith (D:11)
  A hungry ghost (D:11)
  6 yaks (D:9)
  Eustachio (D:6)
  2 steam dragons (D:11)
  A wyvern (D:9)
  2 insubstantial wisps (D:11)
  3 sky beasts (D:11)
  A swamp drake (D:9)
  6 orc warriors
  An ice beast (D:8)
  2 wasps
  A crocodile (D:11)
  5 ogres
  3 centaurs
  3 big kobolds (D:9)
  4 giant frogs
  2 scorpions
  11 killer bees
  5 wights (D:11)
  4 crimson imps
  A hound (D:5)
  A jelly (D:6)
  5 orc priests
  2 iguanas (D:9)
  12 orc wizards
  6 worker ants
  2 sheep (D:9)
  3 mummies (Ossuary)
  3 adders
  2 shadow imps
  An adder zombie (D:9)
  5 giant geckos
  45 orcs
  A bat (D:2)
  2 giant cockroaches
  2 gnoll zombies (Ossuary)
  A hobgoblin (D:1)
  4 kobolds
  A quokka (D:3)
  A ball python (D:3)
  A giant newt (D:1)
  2 gnoll skeletons (Ossuary)
  5 hobgoblin skeletons (Ossuary)
  4 hobgoblin zombies (Ossuary)
  4 kobold skeletons (Ossuary)
  6 kobold zombies (Ossuary)
  2 orc skeletons (Ossuary)
  2 orc zombies (Ossuary)
  A quokka zombie (D:6)
  2 rats (D:1)
  A rat skeleton (Ossuary)
  4 rat zombies (Ossuary)
  A plant (D:9)
205 creatures vanquished.

Vanquished Creatures (others)
  An ugly thing (D:11)
  Menkaure (Ossuary)
  2 gnoll zombies (Ossuary)
  2 gnoll skeletons (Ossuary)
  A goblin skeleton (Ossuary)
  3 hobgoblin skeletons (Ossuary)
  A hobgoblin zombie (Ossuary)
  A kobold skeleton (Ossuary)
  A kobold zombie (Ossuary)
  2 orc zombies (Ossuary)
  4 rat skeletons (Ossuary)
  A rat zombie (Ossuary)
20 creatures vanquished.

Grand Total: 225 creatures vanquished

Notes
Turn   | Place    | Note
--------------------------------------------------------------
     0 | D:1      | 4thArraOfDagon the Deep Dwarf Berserker began the quest for the Orb.
     0 | D:1      | Reached XP level 1. HP: 20/20 MP: 1/1
   145 | D:2      | Found a bloodstained altar of Trog.
   157 | D:2      | Reached XP level 2. HP: 27/27 MP: 2/2
   160 | D:2      | Reached skill level 4 in Axes
   269 | D:3      | Reached XP level 3. HP: 27/34 MP: 3/3
   272 | D:3      | Acquired Trog's second power
   291 | D:3      | Found a white marble altar of Elyvilon.
   294 | D:3      | Found a bloodstained altar of Trog.
   298 | D:3      | Found a shimmering altar of Xom.
   397 | D:4      | Found a sand-covered staircase.
   404 | Ossuary  | Entered an ossuary
   606 | Ossuary  | Killed Menkaure
   665 | Ossuary  | Reached XP level 4. HP: 2/42 MP: 4/4
   742 | D:5      | Entered Level 5 of the Dungeon
   799 | D:5      | Reached skill level 5 in Axes
   799 | D:5      | Reached XP level 5. HP: 28/49 MP: 5/5
   808 | D:5      | Noticed an ogre
   812 | D:5      | Killed an ogre
   907 | D:6      | Reached XP level 6. HP: 48/57 MP: 6/6
   937 | D:6      | Noticed Eustachio
   948 | D:6      | Noticed an orc warrior
   961 | D:6      | Killed an orc warrior
   961 | D:6      | Reached skill level 6 in Axes
   964 | D:6      | Reached XP level 7. HP: 40/66 MP: 7/7
   967 | D:6      | Killed Eustachio
   974 | D:6      | Reached skill level 7 in Axes
  1055 | D:7      | Reached skill level 5 in Armour
  1138 | D:7      | Identified the Guide on Arcane Weapons and Flight
  1211 | D:9      | Noticed a yak
  1211 | D:9      | Noticed a yak
  1211 | D:9      | Noticed a yak
  1213 | D:9      | Noticed a yak
  1379 | D:8      | Reached skill level 5 in Fighting
  1383 | D:8      | Reached skill level 8 in Axes
  1383 | D:8      | Reached XP level 8. HP: 58/74 MP: 8/8
  1468 | D:9      | Killed a yak
  1474 | D:9      | Reached skill level 9 in Axes
  1477 | D:9      | Killed a yak
  1478 | D:9      | Killed a yak
  1493 | D:9      | Killed a yak
  1493 | D:9      | Gained mutation: You passively map the area around you. [Deep Dwarf growth]
  1493 | D:9      | Reached XP level 9. HP: 42/82 MP: 9/9
  1576 | D:9      | Noticed a wyvern
  1589 | D:9      | Killed a wyvern
  1589 | D:9      | Reached skill level 10 in Axes
  1696 | D:10     | Entered Level 10 of the Dungeon
  2042 | D:11     | Reached skill level 11 in Axes
  2116 | D:11     | Noticed a purple ugly thing
  2124 | D:11     | Killed a purple ugly thing
  2124 | D:11     | Reached XP level 10. HP: 51/94 MP: 10/10
  2137 | D:11     | Gained mutation: You occasionally shout uncontrollably at your foes. [mutagenic meat]
  2138 | D:11     | Gained mutation: Scrolls take you a little longer to read. [mutagenic meat]
  2139 | D:11     | Gained mutation: You have large cloven feet. [mutagenic meat]
  2140 | D:11     | Gained mutation: You are dopey. (Int -2) [mutagenic meat]
  2142 | D:11     | Gained mutation: Armour fits poorly on your strangely shaped body. [mutagenic meat]
  2143 | D:11     | :D
  2217 | D:11     | HP: 2/94 [wight/morningstar (6)]
  2274 | D:11     | Noticed a hill giant
  2281 | D:11     | Killed a hill giant
  2281 | D:11     | Reached skill level 12 in Axes
  2321 | D:11     | Found a glowing silver altar of Zin.
  2527 | D:11     | Noticed a gargoyle
  2553 | D:11     | Killed a gargoyle
  2742 | D:9      | Found Ufrat's Magic Scroll Shop.
  2757 | D:9      | Bought a scroll of brand weapon for 280 gold pieces
  2927 | D:9      | Noticed a yak
  2927 | D:9      | Noticed a yak
  2936 | D:9      | Killed a yak
  2939 | D:9      | Killed a yak
  2975 | D:9      | Noticed a two-headed hydra
  2978 | D:9      | Killed a one-headed hydra
  2978 | D:9      | Reached skill level 13 in Axes
  3048 | D:9      | Found a staircase to the Orcish Mines.
  3072 | D:9      | Reached XP level 11. HP: 81/103 MP: 11/11
  3167 | Orc:1    | Entered Level 1 of the Orcish Mines
  3168 | Orc:1    | Noticed an orc high priest
  3173 | Orc:1    | Noticed a sun demon
  3177 | Orc:1    | Killed from afar by an orc priest

Vault maps used:
D:1:      lemuel_arrival_rhombus, lexackson_kobold_supper
D:2:      bloody_trog, uniq_crazy_yiuf_cottage
D:3:      grunt_dithmenos_smoke, grunt_temple_overflow_diamond,
          portal_sewer_entry_b, first_bread
D:4:      minmay_temple_entry_enclosed_plants, enter_ossuary_3,
          corexii_leaking_fountain, minivault_23
D:5:      gammafunk_temple_overflow_forgotten
D:6:      uniq_eustachio
D:7:      lemuel_slime
D:8:      uniq_maurice
D:9:      lair_0_dummy, erik_orc_1, serial_shops, shop, hangedman_ranch,
          roderic_three_in_a_row
D:11:     basic_altar, hangedman_misty_isle
D:12:     basic_altar, uniq_frances, uniq_maud
Orc:1:    lemuel_ogre_cave
Ossuary:  ossuary_due_pyramid

Action                   |  1- 3 |  4- 6 |  7- 9 | 10-12 || total
-------------------------+-------+-------+-------+-------++-------
Melee: Hand axe          |   150 |    58 |   209 |    34 ||   451
       War axe           |       |       |       |   140 ||   140
       Falchion          |       |       |       |     2 ||     2
Invok: Berserk           |     1 |     4 |    13 |     9 ||    27
       Trog's Hand       |     2 |     3 |    13 |    15 ||    33
Evoke: Wand              |       |       |     4 |     5 ||     9
  Use: Potion            |     2 |     1 |       |     3 ||     6
       Scroll            |     2 |       |     1 |    10 ||    13
  Eat: Chunk             |       |     4 |    18 |    17 ||    39
       Pizza             |       |     1 |       |       ||     1
       Fruit             |       |       |     3 |     1 ||     4
       Bread ration      |       |       |       |     1 ||     1
